 Dungeon Crawl Stone Soup version 0.28-a0-620-g539b0f7ac7 (webtiles) character file.

Game seed: 16712283987491563961

919 ytrimaz the Chopper (level 7, -6/66 HPs)
             Began as a Minotaur Berserker on Oct 6, 2021.
             Was an Elder of Trog.
             Mangled by an acid dragon (11 damage)
             ... on level 5 of the Dungeon.
             The game lasted 00:10:03 (5024 turns).

ytrimaz the Chopper (Minotaur Berserker)            Turns: 5024, Time: 00:10:08

Health: -6/66      AC:  6    Str: 23    XL:     7   Next: 83%
Magic:  6/6        EV:  9    Int:  4    God:    Trog [****..]
Gold:   242        SH:  0    Dex: 10    Spells: 6/6 levels left

rFire   . . .      SeeInvis .   k - +0 war axe
rCold   . . .      Faith    .   (no shield)
rNeg    . . .      Spirit   .   e - +0 chain mail
rPois   .          Reflect  .   (helmet restricted)
rElec   .          Harm     .   (no cloak)
rCorr   .          Rampage  .   (no gloves)
Will    .....                   (no boots)
Stlth   ..........              (no amulet)
HPRegen 0.21/turn               (no ring)
MPRegen 0.10/turn               (no ring)

@: corroded
A: horns 2, retaliatory headbutt
a: Renounce Religion, Berserk, Trog's Hand, Brothers in Arms


You were on level 5 of the Dungeon.
You worshipped Trog.
Trog was greatly pleased with you.
You visited 1 branch of the dungeon, and saw 5 of its levels.

You collected 242 gold pieces.

Inventory:

Hand Weapons
 a - a +1 hand axe
 k - a +0 war axe (weapon)
Armour
 e - a +0 chain mail (worn)
Wands
 n - a wand of paralysis (6)
Scrolls
 g - a scroll of holy word {unknown}
 i - a scroll of vulnerability
 l - a scroll of identify
 m - a scroll of enchant armour {unknown}
Potions
 b - a potion of curing {unknown}
 c - 3 potions of lignification {unknown}
 d - a potion of haste {unknown}
 f - a potion of brilliance {unknown}
 h - 4 potions of attraction {unknown}
 j - a potion of flight {unknown}


   Skills:
 * Level 7.2 Fighting
 + Level 7.4 Axes
 + Level 6.0 Armour
 + Level 3.0 Dodging


You had 6 spell levels left.
You didn't know any spells.
Your spell library was empty.

Dungeon Overview and Level Annotations

Branches:
Dungeon (5/15)
 Temple: D:4-7

Altars:
Cheibriados
Kikubaaqudgha
Makhleb
Xom

Shops:
D:1 [


Innate Abilities, Weirdness & Mutations

You have a pair of horns on your head.
You reflexively headbutt those who attack you in melee.


Message History

A hound skeleton is nearby!
A hound skeleton is nearby!
A hound skeleton is nearby!
A hound skeleton is nearby!
The hound skeleton bites you but does no damage.
The hound skeleton barely misses you. You furiously retaliate!
You headbutt the hound skeleton! You slash the hound skeleton!
You destroy the hound skeleton!
Trog accepts your kill.
You open the door.
An acid dragon comes into view.
The acid dragon roars!
There is an open door here.
The acid dragon spits acid at you. The splash of acid hits you!
The acid corrodes you!
You hit the acid dragon but do no damage.
The acid dragon bites you but does no damage.
The acid dragon claws you but does no damage.
You closely miss the acid dragon. Your headbutt misses the acid dragon.
The acid dragon bites you. The acid dragon claws you.
You hit the acid dragon.
The acid dragon is lightly wounded.
The acid dragon spits acid at you. The splash of acid hits you!!
You slash the acid dragon!
You headbutt the acid dragon, but do no damage.
The acid dragon is heavily wounded.
The acid dragon closely misses you. The acid dragon barely misses you.
You closely miss the acid dragon.
The acid dragon is heavily wounded.
The acid dragon bites you but does no damage.
The acid dragon completely misses you.
You closely miss the acid dragon. Your headbutt misses the acid dragon.
The acid dragon is heavily wounded.
The acid dragon spits acid at you. The splash of acid hits you!!
* * * LOW HITPOINT WARNING * * *
The acid dragon bites you!
You die...

..... ... #...### ....
.. +...##. ....####.
#...+..
.......#+###...#..
......#...#...##.
######....#...#...##.
#....#....#...'....'.
.###....#....#...#....#.
......D@'....'..##...###
...##...#....#..#######.
#...#######+##......
#.... #............
#.... #....##...##.
#..... #....##...###
#+#### #....##......
#............
#..<......##.


You could see an acid dragon (catching breath).

Vanquished Creatures
  A black bear (D:4)
  A necrophage (D:4)
  2 wights (D:4)
  A jelly (D:4)
  An orc priest (D:3)
  A bullfrog skeleton (D:5)
  2 hounds
  A human zombie (D:4)
  A centaur zombie (D:4)
  2 orc wizards
  A scorpion zombie (D:4)
  2 iguanas
  A hound skeleton (D:5)
  2 howler monkey zombies (D:4)
  2 mummies
  Robin (D:3)
  A howler monkey skeleton (D:5)
  5 adders
  7 gnolls
  3 adder zombies (D:4)
  A worm (D:3)
  2 dart slugs
  17 orcs
  3 ball pythons
  11 bats
  8 endoplasms
  3 giant cockroaches
  20 goblins
  4 hobgoblins
  4 quokkas
  3 frilled lizards
  8 kobolds
  A rat (D:2)
123 creatures vanquished.

Notes
Turn   | Place    | Note
-------+----------+-------------------------------------------
     0 | D:1      | ytrimaz the Minotaur Berserker began the quest for the Orb.
     0 | D:1      | Reached XP level 1. HP: 19/19 MP: 0/0
   115 | D:1      | Found Koixzawk's Antique Armour Boutique.
   271 | D:1      | Reached XP level 2. HP: 26/27 MP: 1/1
   633 | D:1      | Found a faded altar of an unknown god.
   674 | D:1      | Reached ** piety under Trog
   818 | D:1      | Reached XP level 3. HP: 34/34 MP: 2/2
  1699 | D:2      | Reached XP level 4. HP: 41/41 MP: 3/3
  2010 | D:3      | Reached skill level 5 in Fighting
  2254 | D:3      | Found a snail-covered altar of Cheibriados.
  2288 | D:3      | Noticed Robin
  2308 | D:3      | Killed Robin
  2575 | D:3      | Reached XP level 5. HP: 36/48 MP: 4/4
  2579 | D:3      | Reached *** piety under Trog
  2673 | D:3      | Reached skill level 5 in Axes
  3011 | D:3      | Found a large runed translucent door.
  3011 | D:3      | Found a large runed translucent door.
  3012 | D:3      | Found a shimmering altar of Xom.
  3196 | D:4      | Reached XP level 6. HP: 47/57 MP: 5/5
  3473 | D:4      | Found a burning altar of Makhleb.
  3541 | D:4      | Reached skill level 5 in Armour
  4015 | D:4      | Reached **** piety under Trog
  4016 | D:4      | Reached XP level 7. HP: 56/64 MP: 6/6
  4186 | D:4      | Found an ancient bone altar of Kikubaaqudgha.
  4438 | D:5      | Entered Level 5 of the Dungeon
  5024 | D:5      | Mangled by an acid dragon

Illustrated notes

Levels and vault maps discovered:
D:1:      kennysheep_arrival_seaside, layout_loops_ring,
          hellmonk_ecumenical_altar_arch_garden, serial_shops, shop
D:2:      layout_basic
D:3:      due_chaos_kobolds, layout_basic, chei_slow_surprise, uniq_robin
D:4:      layout_basic, general_overflow_altar,
          lemuel_mausoleum_altar_kikubaaqudgha
D:5:      layout_gridville, minmay_temple_entry_antechambers, serial_rivers,
          chequers_serial_rivers_micro_c, chequers_serial_rivers_large_b,
          chequers_serial_rivers_marsh, chequers_serial_rivers_micro_a,
          chequers_serial_rivers_micro_b, chequers_serial_rivers_micro_b

Skill      XL: |  1  2  3  4  5  6  7 |
---------------+----------------------+-----
Fighting       | 4 5 6 7 |  7.2
Axes           | 4 5 6 7 |  7.4
Armour         | 3 4 5 6 |  6.0
Dodging        | 3 |  3.0

Action                   |  1- 3 |  4- 6 |  7- 9 || total
-------------------------+-------+-------+-------++-------
Melee: Hand axe          |    64 |   140 |    38 ||   242
       Headbutt          |    11 |    30 |    17 ||    58
       War axe           |       |       |    46 ||    46
Invok: Berserk           |       |     3 |       ||     3
       Trog's Hand       |       |     1 |       ||     1
  Use: Scroll            |       |     5 |       ||     5
 Stab: Sleeping          |     1 |       |       ||     1
Armor: Animal skin       |     8 |       |       ||     8
       Chain mail        |    46 |    68 |    32 ||   146
Dodge: Dodged            |    48 |    59 |    33 ||   140

Table legend: (Time is in decaauts)
 A = Elapsed time spent in this place.
 B = Non-inter-level travel time spent in this place.
 C = Inter-level travel time spent in this place.
 D = Time resting spent in this place.
 E = Time spent auto-exploring this place.
 F = Levels seen in this place.
 G = Mean time per level.
                   A        B        C        D        E       F      G
               +--------+--------+--------+--------+--------+-----+--------+
         Total |   5060 |   4987 |     73 |      0 |   4167 |   5 | 1012.0 |
       Dungeon |   5060 |   4987 |     73 |      0 |   4167 |   5 | 1012.0 |
               +--------+--------+--------+--------+--------+-----+--------+

Top non-repeatable levels by time:
     D:4: 1266 daAuts
     D:3: 1189 daAuts
     D:2: 1011 daAuts
     D:1: 1001 daAuts
     D:5: 591 daAuts
